 Dungeon Crawl Stone Soup version 0.31-a0-216-g22e908daa7 (webtiles) character file.

Game seed: 14030212001805266393

69 qw the Chopper (level 4, -5/28 HPs)
             Began as a Gargoyle Fighter on July 1, 2023.
             Killed from afar by Natasha (9 damage)
             ... with a magic dart
             ... on level 2 of the Dungeon.
             The game lasted 00:00:37 (1067 turns).

qw the Chopper (Gargoyle Fighter)                   Turns: 1067, Time: 00:00:38

Health: -5/28      AC: 10    Str: 22    XL:     4   Next: 20%
Magic:  4/4        EV:  9    Int:  8    God:
Gold:   57         SH:  4    Dex:  9    Spells: 3/3 levels left

rFire   . . .        Y - +0 war axe
rCold   . . .        c - +0 buckler
rNeg    + . .        b - +0 scale mail
rPois   inf          (no helmet)
rElec   +            (no cloak)
rCorr   .            (no gloves)
SInv    +            (no boots)
Will    .....        (no amulet) Stlth
                     i - ring of see invisible
HPRegen 0.24/turn    (no ring)
MPRegen 0.09/turn

%: no passive effects
@: no status effects
A: sickness immunity, AC +3, negative energy resistance 1, electricity
resistance, torment resistance 1, petrification resistance
a: no special abilities


You were on level 2 of the Dungeon.
You visited 1 branch of the dungeon, and saw 2 of its levels.

You collected 57 gold pieces.


Innate Abilities, Weirdness & Mutations

You are immune to sickness and miasma.
Your stone body is resilient. (AC +3)
You are immune to poison.
You resist negative energy. (rN+)
You are resistant to electric shocks. (rElec)
You are resistant to unholy torment.
You are immune to petrification.


   Skills:
 - Level 3.2 Fighting
 + Level 4.0 Axes
 - Level 3.2 Armour
 - Level 3.2 Shields


You had 3 spell levels left.
You didn't know any spells.
Your spell library was empty.

Inventory:

Hand Weapons
 j - a +0 flail
 Y - a +0 war axe (weapon)
Missiles
 a - 2 silver boomerangs (quivered)
Armour
 b - a +0 scale mail (worn)
 c - a +0 buckler (worn)
Jewellery
 i - a ring of see invisible (left hand)
Scrolls
 l - a scroll of enchant armour {unknown}
 m - a scroll of fear {unknown}
Potions
 d - a potion of might
 e - a potion of resistance {unknown}
 f - a potion of heal wounds {unknown}
 g - a potion of magic {unknown}
 h - a potion of brilliance {unknown}
 k - a potion of lignification {unknown}

Dungeon Overview and Level Annotations

Branches:
Dungeon (2/15)

Altars:
Qazlal

Annotations:
D:2 Natasha


Message History

You completely miss Natasha.
Natasha is heavily wounded.
Natasha closely misses you. Natasha claws you.
You barely miss Natasha.
Natasha is heavily wounded.
Natasha claws you but does no damage. You block Natasha's attack.
You closely miss Natasha.
Natasha is heavily wounded.
Natasha casts a spell.
Natasha barely misses you.
You miss Natasha.
Natasha is heavily wounded.
You slash the cerulean imp! Natasha claws you but does no damage.
The cerulean imp barely misses you. Natasha closely misses you.
The cerulean imp hits you but does no damage.
You barely miss Natasha.
Natasha is heavily wounded.
You hit the cerulean imp but do no damage.
Natasha claws you but does no damage.
The cerulean imp hits you but does no damage.
Natasha claws you.
You barely miss Natasha.
Natasha is heavily wounded.
You miss the cerulean imp.
You feel yourself speed up.
The cerulean imp hits you but does no damage.
You block Natasha's attack. The cerulean imp barely misses you.
Natasha claws you but does no damage.
You hit Natasha.
Natasha is heavily wounded.
You slash the cerulean imp!
You kill the cerulean imp!
The cerulean imp disappears in a puff of smoke!
Natasha barely misses you.
You closely miss Natasha.
Natasha is heavily wounded.
Natasha stares at you and mumbles some strange words.
The magic dart hits you!
You die...

###.###.###.#
.........##..
....###..#### ...
#..# .._ #..#
.....###..#
..........# #
$....###ยค.##....
... #@.......
#### # #h......#
#.?. ...##..##
#### ..... ..# #.
.!...## ... #.
.###### .# #. ..
#. .. #. #.


You could see Natasha.

Vanquished Creatures
  Natasha (D:2)
  3 worms
  A dart slug (D:1)
  3 bats
  7 endoplasms
  2 giant cockroaches (D:1)
  2 goblins (D:2)
  A hobgoblin (D:1)
  3 jackals
  2 kobolds (D:2)
  2 ball pythons
  A frilled lizard (D:2)
  3 rats
31 creatures vanquished.

Notes
Turn   | Place    | Note
-------+----------+-------------------------------------------
     0 | D:1      | qw the Gargoyle Fighter began the quest for the Orb.
     0 | D:1      | Reached XP level 1. HP: 14/14 MP: 1/1
     0 | D:1      | 0 ||| qw: Version: 0.3-a-35-g05ef00e
     0 | D:1      | 0 ||| qw: Game counter: 7720
     0 | D:1      | 0 ||| qw: Melee chars always use a shield: true
     0 | D:1      | 0 ||| qw: God list: Okawaru
     0 | D:1      | 0 ||| qw: Allow faded altars: false
     0 | D:1      | 0 ||| qw: Do Orc after clearing Dungeon:15 true
     0 | D:1      | 0 ||| qw: Do second Lair branch before Depths: true
     0 | D:1      | 0 ||| qw: Lair rune preference: random
     0 | D:1      | 0 ||| qw: Goals: Normal, Zot:1-4, Slime:5, God:TSO, Crypt,
                  | Tomb, Abyss, Pan, Hells, Win
     0 | D:1      | 0 ||| PLANNING D:1-11
     2 | D:1      | Noticed a naga
     2 | D:1      | Noticed an ogre
     4 | D:1      | Noticed a felid
     4 | D:1      | Noticed a draconian
     6 | D:1      | Noticed an elf
     6 | D:1      | Noticed a demigod
     8 | D:1      | Noticed a formicid
     8 | D:1      | Noticed a gargoyle
    10 | D:1      | Noticed a spriggan
    10 | D:1      | Noticed a human
    12 | D:1      | Noticed a vine stalker
    14 | D:1      | Noticed a merfolk
    16 | D:1      | Noticed a vampire
    16 | D:1      | Noticed a ghoul
    18 | D:1      | Noticed a minotaur
    18 | D:1      | Noticed a troll
    21 | D:1      | Noticed a meteoran
    21 | D:1      | Noticed a tengu
    23 | D:1      | Noticed an octopode
    23 | D:1      | Noticed a demonspawn
    25 | D:1      | Noticed a merfolk
    27 | D:1      | Noticed a gargoyle
    27 | D:1      | Noticed a meteoran
    45 | D:1      | Reached skill level 2 in Axes
   120 | D:1      | Reached XP level 2. HP: 19/19 MP: 2/2
   328 | D:1      | 328 ||| DROPPING +0 whip.
   373 | D:1      | Reached skill level 3 in Axes
   393 | D:1      | Found a faded altar of an unknown god.
   530 | D:1      | 530 ||| Stepping ~*~*~tactically~*~*~ (hiding).
   531 | D:1      | 531 ||| Stepping ~*~*~tactically~*~*~ (hiding).
   539 | D:1      | Reached XP level 3. HP: 23/23 MP: 3/3
   686 | D:1      | 686 ||| UPGRADING to ring of see invisible.
   687 | D:1      | 687 ||| READING scroll labelled RALURGH SESYIDAI.
   688 | D:1      | 688 ||| READING scroll labelled CITZE NIYSA TENK.
   689 | D:1      | 689 ||| READING scroll labelled SAUN DEWOH.
   866 | D:2      | Noticed Natasha
   874 | D:2      | Killed Natasha
   875 | D:2      | Reached XP level 4. HP: 18/28 MP: 4/4
  1035 | D:2      | Reached skill level 4 in Axes
  1045 | D:2      | Found a stormy altar of Qazlal.
  1046 | D:2      | Noticed Natasha
  1047 | D:2      | 1047 ||| Stepping ~*~*~tactically~*~*~ (stealth).
  1048 | D:2      | 1048 ||| Stepping ~*~*~tactically~*~*~ (stealth).
  1050 | D:2      | 1050 ||| Stepping ~*~*~tactically~*~*~ (hiding).
  1060 | D:2      | HP: 3/28 [Natasha (6)]
  1067 | D:2      | Killed from afar by Natasha

Levels and vault maps discovered:
D:1:      kb_arrival_jail, layout_rooms,
          hellmonk_ecumenical_altar_defaced_shrine, minmay_misc_feat_pillars,
          nicolae_wormholes
D:2:      layout_loops_ring, basic_altar, hangedman_feature_mirror,
          minmay_goblin_kobold_house, uniq_natasha

Skill      XL: |  1  2  3  4 |
---------------+-------------+-----
Axes           | 2 3 4 |  4.0
Fighting       | |  3.2
Armour         | |  3.2
Shields        | |  3.2

Action                     |  1- 3 |  4- 6 || total
---------------------------+-------+-------++-------
  Melee: War axe           |    57 |    18 ||    75
  Throw: Boomerang         |     5 |    15 ||    20
    Use: Scroll            |     3 |       ||     3
 Armour: Scale mail        |    20 |    14 ||    34
  Dodge: Dodged            |    14 |     8 ||    22
  Block: Buckler           |     7 |     5 ||    12

Table legend:
 A = Non-vault XP
 B = Vault XP
 C = Vault XP percentage of total XP
 D = Non-vault monster count
 E = Vault monster count
 F = Vault count percentage of total count
                 A         B        C        D         E       F
            +---------+---------+-------+---------+---------+-------
      Total |      52 |      47 |  47.5 |      25 |       6 |  19.4
            +---------+---------+-------+---------+---------+-------
        D:1 |      27 |      10 |  27.0 |      14 |       4 |  22.2
        D:2 |      25 |      37 |  59.7 |      11 |       2 |  15.4
            +---------+---------+-------+---------+---------+-------
